[Event "Titled Tuesday Blitz February 14 Early 2023"]
[White "Begunov, Konstantin"]
[Black "Erdogdu, Mert"]
[WhiteFideId "4118510"]
[BlackFideId "6301495"]
[WhiteElo "2325"]
[BlackElo "2413"]
[Result "0-1"]
[Round "02"]
[TimeControl "180+2"]
[Date "2023.02.15"]
[WhiteClock "0:00:11"]
[BlackClock "0:02:25"]

1. d4 d5 2. c4 e6 3. Nc3 c5 4. cxd5 exd5 5. Nf3 Nc6 6. g3 Nf6 7. Bg2 Be7 8. O-O O-O 9. Bg5 cxd4 10. Nxd4 h6 11. Be3 Re8 12. Rc1 Bg4 13. Re1 Qd7 14. Nxc6 bxc6 15. Na4 Bh3 16. Bf3 Rac8 17. Bc5 Bd8 18. Qd4 Ne4 19. Bxa7 Bf6 20. Qe3 Ng5 21. Qc5 Ra8 22. Nb6 Qxa7 23. Nxa8 Qxc5 24. Rxc5 Nxf3+ 25. Kh1 Nxe1 26. Nc7 Rxe2 27. Rxc6 Nd3 28. Nxd5 Re1# 0-1


[Site "https://www.chess.com"]

[Event "Titled Tuesday Blitz February 14 Early 2023"]
[White "Starozhilov, Leonid"]
[Black "Zherebtsova, Alexandra"]
[WhiteFideId "14106752"]
[BlackFideId "24129518"]
[WhiteElo "2313"]
[BlackElo "2155"]
[Result "1-0"]
[Round "02"]
[TimeControl "180+2"]
[Date "2023.02.15"]
[WhiteClock "0:00:07"]
[BlackClock "0:00:16"]

1. e4 e5 2. Nf3 Nc6 3. Nc3 Nf6 4. Bb5 a6 5. Bxc6 dxc6 6. d3 Nd7 7. d4 exd4 8. Qxd4 Qf6 9. Qxf6 Nxf6 10. Bf4 Bb4 11. O-O-O Bxc3 12. bxc3 Nxe4 13. Rhe1 f5 14. Ng5 O-O 15. Nxe4 fxe4 16. Rxe4 Bf5 17. Re7 Rf7 18. Rxc7 Rxc7 19. Bxc7 Kf7 20. Bb6 Re8 21. Be3 Be6 22. Kb2 Bd5 23. g3 h5 24. Rd4 Re4 25. Rd3 Ra4 26. a3 Re4 27. h4 g6 28. Rd2 Re6 29. a4 Re4 30. a5 Ra4 31. Bb6 Re4 32. Rd3 Rc4 33. Bd4 Ra4 34. Re3 Rxa5 35. Re5 Ra2+ 36. Kb1 Ra4 37. Kc1 Be6 38. f3 Ra1+ 39. Kd2 Rf1 40. Re3 Bd5 41. Bc5 Rxf3 42. Re7+ Kf6 43. Rxb7 Rxg3 44. Ra7 Rg2+ 45. Kd3 Rh2 46. Bd6 Rh3+ 47. Kd2 Ke6 48. Be7 Rf3 49. Bg5 Rf7 50. Rxa6 Rd7 51. Ke3 Kf5 52. Ra8 Kg4 53. Rf8 Rf7 54. Re8 Rf3+ 55. Kd4 Rf2 56. c4 Bh1 57. Re1 Bg2 58. Re6 Kf5 59. Rf6+ Kg4 60. Rxf2 1-0


[Site "https://www.chess.com"]

[Event "Titled Tuesday Blitz February 14 Early 2023"]
[White "Wagh Suyog"]
[Black "Llanos, Guillermo"]
[WhiteFideId "25071688"]
[BlackFideId "100358"]
[WhiteElo "2313"]
[BlackElo "2290"]
[Result "1-0"]
[Round "02"]
[TimeControl "180+2"]
[Date "2023.02.15"]
[WhiteClock "0:00:47"]
[BlackClock "0:00:34"]

1. e4 Nf6 2. e5 Nd5 3. Nf3 d6 4. d4 g6 5. c4 Nb6 6. exd6 cxd6 7. Nc3 Bg7 8. h3 O-O 9. Be3 Nc6 10. Rc1 Bf5 11. Be2 d5 12. c5 Nc4 13. Bxc4 dxc4 14. O-O Bd3 15. Ne2 b5 16. cxb6 axb6 17. a3 b5 18. Re1 e5 19. dxe5 Nxe5 20. Nxe5 Bxe5 21. Nc3 Bg7 22. Qd2 Qd7 23. Bh6 Rfe8 24. Bxg7 Kxg7 25. Qg5 Rab8 26. Qc5 Qf5 27. Qd4+ Kg8 28. Nd5 Re6 29. Rxe6 fxe6 30. Ne7+ 1-0


[Site "https://www.chess.com"]

[Event "Titled Tuesday Blitz February 14 Early 2023"]
[White "Ramirez Vido, Robert Yorisan"]
[Black "Cherniaiev, Tykhon"]
[WhiteFideId "3513823"]
[BlackFideId "14182360"]
[WhiteElo "2015"]
[BlackElo "2330"]
[Result "0-1"]
[Round "02"]
[TimeControl "180+2"]
[Date "2023.02.15"]
[WhiteClock "0:00:36"]
[BlackClock "0:00:24"]

1. f4 d5 2. Nf3 Nf6 3. g3 c5 4. Bg2 Nc6 5. d3 e6 6. O-O Bd6 7. Nc3 e5 8. e4 dxe4 9. dxe4 O-O 10. f5 Nd4 11. Bg5 Nxf3+ 12. Qxf3 Bd7 13. Rad1 Bc6 14. Nd5 Bxd5 15. Rxd5 h6 16. Bh4 Qe7 17. Rfd1 Rad8 18. g4 c4 19. g5 Nxd5 20. f6 Nxf6 21. gxf6 Bc5+ 22. Kh1 Rxd1+ 23. Qxd1 Qd6 24. Qh5 Qd4 0-1


[Site "https://www.chess.com"]

[Event "Titled Tuesday Blitz February 14 Early 2023"]
[White "Lacasa Diaz, Jose Antonio"]
[Black "Fromm, Marius"]
[WhiteFideId "2203375"]
[BlackFideId "12993190"]
[WhiteElo "2359"]
[BlackElo "2457"]
[Result "1/2-1/2"]
[Round "02"]
[TimeControl "180+2"]
[Date "2023.02.15"]
[WhiteClock "0:00:15"]
[BlackClock "0:00:46"]

1. e4 c5 2. Nf3 d6 3. Bb5+ Nd7 4. a4 a6 5. Bxd7+ Bxd7 6. d4 cxd4 7. Qxd4 Nf6 8. Bg5 e6 9. Nc3 Be7 10. Rd1 Bc6 11. O-O h6 12. Bxf6 Bxf6 13. Qe3 Qc7 14. Rfe1 O-O 15. Nd4 Rac8 16. f4 Rfe8 17. e5 dxe5 18. fxe5 Be7 19. Kh1 Red8 20. Ne4 Bxa4 21. Nf6+ gxf6 22. Qxh6 fxe5 23. Nxe6 fxe6 24. Qg6+ Kh8 25. Qh6+ Kg8 26. Qg6+ Kh8 27. Qh6+ Kg8 1/2-1/2


[Site "https://www.chess.com"]

[Event "Titled Tuesday Blitz February 14 Early 2023"]
[White "Janaszak, Dawid"]
[Black "Jarocka, Liwia"]
[WhiteFideId "1119206"]
[BlackFideId "21807558"]
[WhiteElo "2316"]
[BlackElo "2225"]
[Result "0-1"]
[Round "02"]
[TimeControl "180+2"]
[Date "2023.02.15"]
[WhiteClock "0:00:16"]
[BlackClock "0:00:14"]

1. e4 c5 2. Nc3 e6 3. f4 d5 4. Nf3 d4 5. Bb5+ Bd7 6. Bxd7+ Qxd7 7. Nb1 Nc6 8. d3 Nf6 9. O-O Be7 10. Qe1 O-O 11. Nbd2 b5 12. a4 a6 13. Kh1 Ng4 14. Nb1 Nb4 15. Na3 f6 16. h3 Nh6 17. Bd2 Nf7 18. e5 f5 19. Rg1 Kh8 20. axb5 axb5 21. Rc1 Nd5 22. Qg3 Rg8 23. Rce1 g6 24. Qf2 Qc6 25. Kh2 Nb6 26. Bc1 b4 27. Nc4 Nxc4 28. dxc4 Rab8 29. b3 Ra8 30. g4 Raf8 31. Rg2 Qb7 32. Reg1 fxg4 33. hxg4 Bd8 34. Qg3 Bc7 35. Rh1 g5 36. Kg1 Rg7 37. fxg5 Qe4 38. Bf4 Kg8 39. Rf2 Nh8 40. Nd2 Qxc2 41. Qg2 Ng6 42. Bg3 Rxf2 43. Qxf2 Rf7 44. Qg2 Qd1+ 45. Kh2 Bxe5 46. Ne4 Qxg4 47. Nf6+ Bxf6 48. gxf6 Rxf6 49. Ra1 Rf8 50. Ra7 Nf4 51. Bxf4 Qxg2+ 52. Kxg2 Rxf4 53. Rc7 Rf5 54. Re7 Re5 55. Kf3 h5 56. Rd7 Re3+ 57. Kf4 Rxb3 58. Kg5 Rg3+ 59. Kf6 h4 60. Rd8+ Kh7 61. Rd7+ Kh6 62. Rd8 Kh5 63. Kxe6 Kg4 64. Ke5 h3 65. Kd5 d3 66. Kxc5 h2 67. Rh8 Rh3 68. Rg8+ Kf3 0-1


[Site "https://www.chess.com"]

[Event "Titled Tuesday Blitz February 14 Early 2023"]
[White "Wilson, Elvin"]
[Black "Postnikov, Daniil"]
[WhiteFideId "2014874"]
[BlackFideId "4166329"]
[WhiteElo "2183"]
[BlackElo "2360"]
[Result "0-1"]
[Round "02"]
[TimeControl "180+2"]
[Date "2023.02.15"]
[WhiteClock "0:00:03"]
[BlackClock "0:00:06"]

1. c4 f5 2. g3 e5 3. d4 e4 4. Nh3 Nf6 5. Bg2 Bb4+ 6. Bd2 Be7 7. Nc3 c6 8. d5 d6 9. O-O O-O 10. f3 Qb6+ 11. Kh1 Qxb2 12. Nf4 Qb4 13. Nb5 Qxc4 14. Nc7 Na6 15. Nxa8 Bd7 16. Rc1 Qxa2 17. Ra1 Qc4 18. Rxa6 bxa6 19. Nc7 cxd5 20. Nce6 Rc8 21. Be3 h6 22. h4 a5 23. Qd2 a4 24. Rc1 Qb3 25. Rxc8+ Bxc8 26. Nd4 Qb7 27. Qa5 Bd7 28. Bh3 exf3 29. exf3 Qb1+ 30. Bg1 Qb3 31. Bxf5 Bxf5 32. Nxf5 Qxf3+ 33. Kh2 Bf8 34. Qd2 a3 35. Nd4 Qe4 36. Nde2 g5 37. hxg5 hxg5 38. Nd3 Qh7+ 39. Kg2 Qe4+ 40. Kf2 Bh6 41. Qe3 Ng4+ 42. Ke1 Nxe3 43. Bxe3 Qxd3 44. Bd4 a2 45. Kf2 Qxd4+ 46. Nxd4 a1=Q 0-1


[Site "https://www.chess.com"]

[Event "Titled Tuesday Blitz February 14 Early 2023"]
[White "Sadubayev, Airat"]
[Black "Fajdetic, Hrvoje"]
[WhiteFideId "13713264"]
[BlackFideId "14501945"]
[WhiteElo "2320"]
[BlackElo "2151"]
[Result "1-0"]
[Round "02"]
[TimeControl "180+2"]
[Date "2023.02.15"]
[WhiteClock "0:00:34"]
[BlackClock "0:00:16"]

1. d4 e6 2. c4 f5 3. Nc3 Nf6 4. g3 Bb4 5. Bg2 Bxc3+ 6. bxc3 d6 7. Nf3 O-O 8. O-O Nc6 9. Rb1 e5 10. Ba3 e4 11. Ne1 Na5 12. c5 Nc4 13. cxd6 cxd6 14. Bc1 b6 15. Bg5 d5 16. Nc2 h6 17. Bxf6 Qxf6 18. Ne3 Nxe3 19. fxe3 Ba6 20. Qd2 Qg5 21. Rf4 Rac8 22. Rbf1 g6 23. Qb2 h5 24. R1f2 Rc6 25. Qa3 b5 26. Bh3 Rfc8 27. Bxf5 gxf5 28. Rxf5 Qxe3 29. Qe7 R6c7 30. Rg5+ Kh8 31. Rxh5+ Kg8 32. Rg5+ Qxg5 33. Qxg5+ Rg7 34. Qxd5+ Kh8 35. Rf6 Bb7 36. Rh6+ Rh7 37. Rxh7+ Kxh7 38. Qxb7+ 1-0


[Site "https://www.chess.com"]

[Event "Titled Tuesday Blitz February 14 Early 2023"]
[White "Parkhov, Yair"]
[Black "Hoffmann, Asa"]
[WhiteFideId "2813408"]
[BlackFideId "2001470"]
[WhiteElo "2505"]
[BlackElo "2185"]
[Result "1-0"]
[Round "02"]
[TimeControl "180+2"]
[Date "2023.02.15"]
[WhiteClock "0:00:55"]
[BlackClock "0:01:00"]

1. e4 d6 2. d4 Nf6 3. Nc3 c6 4. f4 Qa5 5. Bd3 e5 6. Nf3 exd4 7. Nxd4 Qb6 8. Be3 Ng4 9. Bg1 Qxb2 10. Kd2 Qb6 11. h3 Nf6 12. e5 dxe5 13. fxe5 Nd5 14. Nxd5 cxd5 15. Rb1 Qa5+ 16. c3 Nc6 17. Qe2 Qxa2+ 18. Bc2 Nxd4 19. Bxd4 Bf5 20. Qb5+ Kd8 21. Rb2 Qxb2 22. Qxb2 Bxc2 23. Qxb7 1-0


[Site "https://www.chess.com"]

[Event "Titled Tuesday Blitz February 14 Early 2023"]
[White "Lopez Del Alamo, Antonio"]
[Black "Sadykov, Ramil"]
[WhiteFideId "2227339"]
[BlackFideId "24113590"]
[WhiteElo "2280"]
[BlackElo "2345"]
[Result "0-1"]
[Round "02"]
[TimeControl "180+2"]
[Date "2023.02.15"]
[WhiteClock "0:00:23"]
[BlackClock "0:00:16"]

1. e4 c5 2. Nf3 e6 3. d3 Nc6 4. g3 g6 5. Bg2 Bg7 6. O-O Nge7 7. c3 d5 8. Nbd2 O-O 9. Re1 h6 10. h4 e5 11. exd5 Nxd5 12. a4 Re8 13. Nc4 Kh7 14. Nfd2 Be6 15. Ne4 f5 16. Nxc5 Bc8 17. Qf3 Nf6 18. b4 e4 19. dxe4 Nxe4 20. Nxe4 fxe4 21. Qe3 Bf5 22. Bb2 Qd5 23. Bf1 Rad8 24. Be2 a5 25. Rad1 Qe6 26. b5 Ne5 27. Nxe5 Bxe5 28. Ba1 Bg7 29. c4 Bxa1 30. Rxa1 b6 31. Rad1 h5 32. Qf4 Qe7 33. Rxd8 Rxd8 34. Bf3 Qb4 35. Qc7+ Rd7 0-1


[Site "https://www.chess.com"]

[Event "Titled Tuesday Blitz February 14 Early 2023"]
[White "Schut, Han"]
[Black "Chylewski, Patryk"]
[WhiteFideId "1005561"]
[BlackFideId "1186191"]
[WhiteElo "2101"]
[BlackElo "2281"]
[Result "0-1"]
[Round "02"]
[TimeControl "180+2"]
[Date "2023.02.15"]
[WhiteClock "0:00:08"]
[BlackClock "0:00:04"]

1. e4 c5 2. Nf3 e6 3. c4 Nc6 4. Nc3 Nf6 5. Be2 d5 6. exd5 exd5 7. d4 cxd4 8. Nxd4 Be7 9. O-O O-O 10. cxd5 Nxd5 11. Nxd5 Qxd5 12. Nxc6 Qxc6 13. Bf3 Qa6 14. Qb3 Rb8 15. Bf4 Bd6 16. Bxd6 Qxd6 17. Rad1 Qf6 18. Qa3 a6 19. b3 Be6 20. Rd2 Rfc8 21. Rfd1 g6 22. Qb2 Qf4 23. Qd4 Qxd4 24. Rxd4 Kg7 25. R4d2 Rc3 26. h3 h5 27. Kf1 b5 28. Rd3 b4 29. R3d2 a5 30. Be2 Ra8 31. Bb5 Rac8 32. Ke2 R8c5 33. Ba4 Re5+ 34. Kf1 Bf5 35. Bb5 Rc2 36. Bc4 Rxd2 37. Rxd2 Bb1 38. f3 Bf5 39. Kf2 h4 40. Bd3 Be6 41. Be2 g5 42. Bd3 f6 43. Be4 Kf7 44. Rc2 Ke7 45. Rc7+ Kd6 46. Ra7 Rc5 47. Ra6+ Ke5 48. Rc6 Rxc6 49. Bxc6 Kd4 50. Ke2 Kc3 51. Ke3 Kb2 52. Kd4 Kxa2 53. Bd5 Bxd5 0-1


[Site "https://www.chess.com"]

[Event "Titled Tuesday Blitz February 14 Early 2023"]
[White "Afanasieva, Alexandra"]
[Black "Ambartsumova, Karina"]
[WhiteFideId "34126926"]
[BlackFideId "4166299"]
[WhiteElo "1857"]
[BlackElo "2393"]
[Result "0-1"]
[Round "02"]
[TimeControl "180+2"]
[Date "2023.02.15"]
[WhiteClock "0:00:04"]
[BlackClock "0:00:22"]

1. e4 e5 2. Nf3 Nc6 3. Bb5 Nf6 4. O-O Nxe4 5. d4 Nd6 6. a4 a6 7. Bxc6 dxc6 8. Re1 Be7 9. Nxe5 O-O 10. c4 Nf5 11. Be3 Bf6 12. Nf3 c5 13. dxc5 Qxd1 14. Rxd1 Nxe3 15. fxe3 Bxb2 16. Ra2 Bf6 17. Nd4 Bg4 18. Re1 Rfe8 19. Kf2 Rad8 20. Rd2 a5 21. Nc3 b6 22. cxb6 c5 23. Ncb5 cxd4 24. exd4 Rxe1 25. Kxe1 Bd7 26. Nc3 Bc6 27. Ne2 Bxa4 28. d5 Be7 29. Ra2 Bb3 30. Rxa5 Bb4+ 0-1


[Site "https://www.chess.com"]

[Event "Titled Tuesday Blitz February 14 Early 2023"]
[White "Zaichenko, Daria"]
[Black "Ladan, Nicholas"]
[WhiteFideId "4197453"]
[BlackFideId "30918855"]
[WhiteElo "2104"]
[BlackElo "2228"]
[Result "0-1"]
[Round "02"]
[TimeControl "180+2"]
[Date "2023.02.15"]
[WhiteClock "0:00:02"]
[BlackClock "0:00:16"]

1. e4 e5 2. Nf3 Nc6 3. Bc4 Nf6 4. d3 h6 5. c3 d6 6. Nbd2 g6 7. O-O Bg7 8. Re1 O-O 9. Bb3 a5 10. a4 b6 11. Nf1 Bb7 12. Ng3 Qd7 13. d4 Rfe8 14. dxe5 dxe5 15. Qe2 Rad8 16. Be3 Qe7 17. Nh4 Kh7 18. Ngf5 gxf5 19. Nxf5 Qf8 20. Qf3 Ng8 21. Qh5 Bc8 22. Bxf7 Bxf5 23. Bxe8 Qxe8 24. Qxf5+ Qg6 25. Qxg6+ Kxg6 26. Rad1 Rc8 27. f4 Nf6 28. fxe5 Nxe5 29. Bf4 Nfd7 30. Re3 Re8 31. Rd5 Kh7 32. h3 Re6 33. b3 Bf8 34. Re2 Bc5+ 35. Kh2 Bd6 36. g3 Nf6 37. Rd1 Kg6 38. Kg2 h5 39. Rf1 Nf7 40. Bxd6 Nxd6 41. e5 Nd7 42. Rfe1 Nf7 43. Re4 Ndxe5 44. R1e3 Kf6 45. g4 hxg4 46. hxg4 Rd6 0-1


[Site "https://www.chess.com"]

[Event "Titled Tuesday Blitz February 14 Early 2023"]
[White "Antonio, Jorge Carlos"]
[Black "Cruz Lledo, Pablo"]
[WhiteFideId "113190"]
[BlackFideId "2297361"]
[WhiteElo "2277"]
[BlackElo "2373"]
[Result "0-1"]
[Round "02"]
[TimeControl "180+2"]
[Date "2023.02.15"]
[WhiteClock "0:02:17"]
[BlackClock "0:01:35"]

1. d4 Nf6 2. Nf3 g6 3. c4 Bg7 4. Nc3 d5 5. Bg5 Ne4 6. Bh4 Nxc3 7. bxc3 c6 8. e3 O-O 9. cxd5 cxd5 10. Be2 b6 11. O-O Bb7 12. Qb3 Nc6 13. Rfc1 Rc8 14. c4 Na5 15. Qb4 Re8 16. cxd5 Qxd5 17. Bxe7 Nc6 18. Rxc6 Bxc6 19. Bh4 Bf8 20. Qb2 Ba4 21. Bd3 Qc6 22. Ne5 Qc3 23. Qe2 Qxa1+ 0-1


[Site "https://www.chess.com"]

[Event "Titled Tuesday Blitz February 14 Early 2023"]
[White "De Souza, Cristiano Gomes"]
[Black "Bodnaruk, Anastasia"]
[WhiteFideId "2151758"]
[BlackFideId "4181751"]
[WhiteElo "2018"]
[BlackElo "2350"]
[Result "0-1"]
[Round "02"]
[TimeControl "180+2"]
[Date "2023.02.15"]
[WhiteClock "0:00:51"]
[BlackClock "0:00:18"]

1. d4 Nf6 2. c4 g6 3. Nf3 Bg7 4. Nc3 O-O 5. e4 d6 6. Be2 e5 7. O-O Nc6 8. d5 Ne7 9. Ne1 Nd7 10. Be3 f5 11. f3 f4 12. Bf2 g5 13. Nb5 a6 14. Na7 Rxa7 15. Bxa7 b6 16. b4 Bb7 17. c5 dxc5 18. Rc1 c4 19. d6 cxd6 20. Bxc4+ d5 21. exd5 Nc8 22. d6+ Kh8 23. Bxb6 Ndxb6 24. Be2 Qxd6 25. Qxd6 Nxd6 26. Rc7 Rf7 27. Rxf7 Nxf7 28. Nd3 e4 29. fxe4 Bxe4 30. Nc5 Bd5 31. Bxa6 Bxa2 32. Bb7 Nd6 33. Rd1 Nxb7 34. Nxb7 Nd5 35. Na5 Bf6 36. Nc6 Bc4 37. Kf2 Kg7 38. g3 Kg6 39. h4 fxg3+ 40. Kxg3 gxh4+ 41. Kh3 Nf4+ 42. Kg4 Be2+ 43. Kxf4 Bxd1 44. b5 Bg5+ 45. Ke4 h3 46. Ne5+ Kf6 47. Nf3 Kg6 48. b6 Bd8 49. b7 Bc7 50. Ke3 h2 51. Nxh2 Bxh2 52. Kf2 Bc7 0-1


[Site "https://www.chess.com"]

[Event "Titled Tuesday Blitz February 14 Early 2023"]
[White "Gonzalez, Francisco Silva"]
[Black "Pantsulaia, Levan"]
[WhiteFideId "1512285"]
[BlackFideId "13602071"]
[WhiteElo "2021"]
[BlackElo "2570"]
[Result "0-1"]
[Round "02"]
[TimeControl "180+2"]
[Date "2023.02.15"]
[WhiteClock "0:00:46"]
[BlackClock "0:00:51"]

1. d4 Nf6 2. c4 c5 3. d5 e6 4. Nc3 exd5 5. cxd5 d6 6. Nf3 g6 7. Bf4 a6 8. a4 Bg7 9. h3 O-O 10. e3 Re8 11. Nd2 Nbd7 12. Be2 Ne5 13. O-O Nfd7 14. a5 f5 15. Bh2 Rb8 16. Re1 b5 17. axb6 Rxb6 18. Qc2 Qf6 19. Ra2 Bb7 20. Bf1 h5 21. Qa4 Rb8 22. Qa5 Bc8 23. Nd1 h4 24. Nc4 Nxc4 25. Bxc4 Ne5 26. Be2 g5 27. f4 gxf4 28. Bxf4 Ng6 29. Bh2 Qg5 30. Kh1 Be5 31. Bxe5 Nxe5 32. Rf1 Kh8 33. Qa4 Bd7 34. Qa5 Rg8 35. Rg1 Rbb8 36. Qxa6 f4 37. exf4 Qxf4 38. Qxd6 Bxh3 39. Ra6 Bxg2+ 40. Rxg2 Rxg2 41. Qh6+ Qxh6 42. Rxh6+ Kg7 43. Kxg2 Kxh6 44. Kf2 Kg5 45. Ke3 h3 46. Bf1 h2 47. Bg2 Ng4+ 48. Ke4 Re8+ 49. Kf3 Re1 50. Nf2 Nxf2 51. Kxf2 h1=Q 52. d6 Qg1+ 0-1


[Site "https://www.chess.com"]

[Event "Titled Tuesday Blitz February 14 Early 2023"]
[White "Ansh M Shah"]
[Black "Baskakov, Egor"]
[WhiteFideId "25033379"]
[BlackFideId "24197866"]
[WhiteElo "2171"]
[BlackElo "2215"]
[Result "0-1"]
[Round "02"]
[TimeControl "180+2"]
[Date "2023.02.15"]
[WhiteClock "0:00:15"]
[BlackClock "0:01:16"]

1. d4 Nf6 2. c4 e6 3. g3 d5 4. Bg2 Be7 5. Nf3 O-O 6. O-O Ne4 7. Nbd2 f5 8. Ne5 c6 9. f3 Nxd2 10. Bxd2 Nd7 11. Bf4 g5 12. Nxd7 Bxd7 13. Be5 Bf6 14. Bxf6 Qxf6 15. e3 dxc4 16. a4 a5 17. f4 Rab8 18. Qc2 b5 19. axb5 cxb5 20. Rxa5 gxf4 21. gxf4 Kh8 22. Ra7 Rf7 23. Kh1 Rg8 24. Rg1 Rfg7 25. Raa1 Rxg2 26. Rxg2 Bc6 27. Rg1 Qg7 28. Qd2 Be4 29. Qf2 Bxg2+ 30. Rxg2 Qxg2+ 31. Qxg2 Rxg2 32. Kxg2 b4 33. Kf2 c3 34. bxc3 b3 35. Ke2 b2 36. Kd2 b1=Q 0-1


[Site "https://www.chess.com"]

[Event "Titled Tuesday Blitz February 14 Early 2023"]
[White "Oro, Faustino"]
[Black "Silvestre, Christian"]
[WhiteFideId "20000197"]
[BlackFideId "30956269"]
[WhiteElo "2269"]
[BlackElo "1942"]
[Result "1-0"]
[Round "02"]
[TimeControl "180+2"]
[Date "2023.02.15"]
[WhiteClock "0:02:35"]
[BlackClock "0:02:37"]

1. Nf3 Nc6 2. d4 d5 3. g3 Bf5 4. Bg2 Nb4 5. Na3 c5 6. c3 Nc6 7. O-O e6 8. Nc2 Nf6 9. dxc5 Bxc5 10. Ncd4 Bg6 11. Nxc6 bxc6 12. Ne5 Rc8 13. Qa4 Qb6 14. Nxg6 hxg6 15. e3 Ng4 16. Qxg4 1-0


[Site "https://www.chess.com"]

[Event "Titled Tuesday Blitz February 14 Early 2023"]
[White "Kubatko, Ivan"]
[Black "Zemlyanskii, Ivan"]
[WhiteFideId "24111473"]
[BlackFideId "24249971"]
[WhiteElo "2257"]
[BlackElo "2300"]
[Result "1/2-1/2"]
[Round "02"]
[TimeControl "180+2"]
[Date "2023.02.15"]
[WhiteClock "0:00:06"]
[BlackClock "0:00:12"]

1. e4 Nc6 2. Nc3 e5 3. Nf3 Nf6 4. g3 Bb4 5. d3 d5 6. exd5 Nxd5 7. Bd2 O-O 8. Bg2 Bxc3 9. bxc3 f6 10. O-O Be6 11. Re1 Bg4 12. h3 Bh5 13. g4 Bf7 14. d4 exd4 15. Nxd4 Nxd4 16. cxd4 c6 17. c4 Nb6 18. Bb4 Re8 19. Rxe8+ Qxe8 20. d5 Nxc4 21. dxc6 bxc6 22. Qd4 a5 23. Bc3 Rd8 24. Qc5 Bd5 25. Re1 Ne5 26. f4 Bxg2 27. Kxg2 Rd5 28. Qe3 Qd8 29. fxe5 Rd3 30. Qc5 fxe5 31. Qxe5 Qd7 32. Rf1 h6 33. Rf3 Rd5 34. Qe4 Rd1 35. Re3 Rc1 36. Qe8+ Qxe8 37. Rxe8+ Kf7 38. Re3 Rc2+ 39. Kf3 Rxa2 40. Bd4 Rh2 41. Kg3 Rd2 42. Bc3 Rd5 43. Kf3 a4 44. Ke4 Rc5 45. Bd4 Rc4 46. Kd3 Rb4 47. Rf3+ Ke6 48. Bxg7 Kd5 49. Rf5+ Ke6 50. Ra5 Rb3+ 51. Ke4 Rxh3 52. Rxa4 Rh4 53. Kf3 h5 54. Re4+ Kf7 55. Bd4 Rxg4 56. Rxg4 hxg4+ 57. Kxg4 Ke6 58. Kf3 Kd5 59. Ke3 Kc4 60. Bf6 Kb4 61. Bg7 c5 62. Bf8 Kb3 63. Bxc5 1/2-1/2


[Site "https://www.chess.com"]

[Event "Titled Tuesday Blitz February 14 Early 2023"]
[White "Vasquez Schroeder, Rodrigo"]
[Black "Boder, Jan"]
[WhiteFideId "3400042"]
[BlackFideId "16243226"]
[WhiteElo "2524"]
[BlackElo "2294"]
[Result "1-0"]
[Round "02"]
[TimeControl "180+2"]
[Date "2023.02.15"]
[WhiteClock "0:00:42"]
[BlackClock "0:00:02"]

1. d4 Nf6 2. Nf3 e6 3. e3 c5 4. Bd3 d5 5. b3 Nc6 6. Bb2 cxd4 7. exd4 Be7 8. a3 O-O 9. Nbd2 b6 10. O-O Bb7 11. Qe2 Rc8 12. Rfe1 Qc7 13. c4 Rfd8 14. Rac1 dxc4 15. bxc4 Na5 16. Ne5 Nc6 17. Nxf7 Kxf7 18. Qxe6+ Kf8 19. d5 Rd6 20. Qe2 Nd8 21. Be5 Nf7 22. Bg3 Qd7 23. Bf5 Qd8 24. Bxc8 Bxc8 25. Nf3 Bg4 26. Bxd6 Bxd6 27. h3 Bh5 28. g4 Bg6 29. Nd4 Qd7 30. Ne6+ Kg8 31. Qe3 h6 32. Red1 Ne5 33. c5 bxc5 34. Nxc5 Qf7 35. f4 Ned7 36. Nb7 Bb8 37. f5 Nxd5 38. Rc8+ Nf8 39. fxg6 1-0


[Site "https://www.chess.com"]

[Event "Titled Tuesday Blitz February 14 Early 2023"]
[White "Carrasco Miranda, Andres"]
[Black "Goltsev, Dmitry"]
[WhiteFideId "3405990"]
[BlackFideId "24176710"]
[WhiteElo "2240"]
[BlackElo "2269"]
[Result "1-0"]
[Round "02"]
[TimeControl "180+2"]
[Date "2023.02.15"]
[WhiteClock "0:00:07"]
[BlackClock "0:01:59"]

1. d4 Nf6 2. c4 e6 3. g3 d5 4. Bg2 dxc4 5. Nf3 Nc6 6. O-O Be7 7. e3 O-O 8. Nfd2 e5 9. Bxc6 bxc6 10. dxe5 Nd5 11. Nxc4 Bh3 12. Re1 Bb4 13. Bd2 Bc5 14. Nc3 Nb4 15. Qe2 Nc2 16. Rad1 Nxe1 17. Rxe1 Bb4 18. a3 Bxc3 19. Bxc3 c5 20. e4 Be6 21. Ne3 c4 22. Rd1 Qe7 23. Nf5 Bxf5 24. exf5 Rfd8 25. Re1 Rd3 26. f6 Qe6 27. fxg7 Rad8 28. Qe4 Kxg7 29. h4 Kh8 30. Qf4 Rg8 31. Kh2 c5 32. Re4 Rd1 33. Rxc4 Qc6 34. Re4 Qe6 35. Rc4 Rg6 36. Rxc5 Kg7 37. Rc7 Kg8 38. Qa4 a6 39. Qxd1 Qf5 40. Qd8+ Kg7 41. e6+ Kh6 42. Qf8+ Kh5 43. Rc5 fxe6 44. Rxf5+ exf5 45. Qxf5+ Kh6 46. Qf4+ Kh5 47. f3 a5 48. g4+ Kxh4 49. Bf6+ Rg5 50. Bxg5# 1-0


[Site "https://www.chess.com"]

[Event "Titled Tuesday Blitz February 14 Early 2023"]
[White "Martins, Vinicius Tine"]
[Black "Liu, Xiangyi"]
[WhiteFideId "2112884"]
[BlackFideId "8605718"]
[WhiteElo "2254"]
[BlackElo "2377"]
[Result "1-0"]
[Round "02"]
[TimeControl "180+2"]
[Date "2023.02.15"]
[WhiteClock "0:01:32"]
[BlackClock "0:00:17"]

1. e4 e6 2. d4 d5 3. Nd2 c5 4. exd5 Qxd5 5. Ngf3 cxd4 6. Bc4 Qd7 7. O-O Nc6 8. Nb3 a6 9. Nbxd4 Nxd4 10. Qxd4 Nf6 11. a4 Qxd4 12. Nxd4 Bd7 13. Be3 Rc8 14. Be2 Nd5 15. Bd2 e5 16. Nf3 Rxc2 17. Bd3 Rxb2 18. Rfb1 Rxb1+ 19. Rxb1 Bc8 20. Be4 Nf6 21. Bxb7 Bxb7 22. Rxb7 Bd6 23. Bb4 Bxb4 24. Rb8+ Ke7 25. Rxh8 e4 26. Nd4 Bc3 27. Nf5+ Kd7 28. Nxg7 1-0


[Site "https://www.chess.com"]

[Event "Titled Tuesday Blitz February 14 Early 2023"]
[White "Ajay, Karthikeyan"]
[Black "Topalov, Aleksandar"]
[WhiteFideId "35011685"]
[BlackFideId "925659"]
[WhiteElo "2454"]
[BlackElo "2233"]
[Result "1-0"]
[Round "02"]
[TimeControl "180+2"]
[Date "2023.02.15"]
[WhiteClock "0:01:55"]
[BlackClock "0:00:53"]

1. d4 Nf6 2. Bf4 e6 3. e3 Bd6 4. Bg3 Bxg3 5. hxg3 h6 6. c4 d6 7. Nc3 Nbd7 8. g4 Rg8 9. f4 e5 10. g5 exd4 11. exd4 Qe7+ 12. Qe2 hxg5 13. fxg5 Ng4 14. Nd5 1-0


[Site "https://www.chess.com"]

[Event "Titled Tuesday Blitz February 14 Early 2023"]
[White "Vaibhav Jayant Raut"]
[Black "Kanyamarala, Trisha"]
[WhiteFideId "5089034"]
[BlackFideId "45004722"]
[WhiteElo "2237"]
[BlackElo "2278"]
[Result "1-0"]
[Round "02"]
[TimeControl "180+2"]
[Date "2023.02.15"]
[WhiteClock "0:00:20"]
[BlackClock "0:00:02"]

1. e4 c5 2. b3 Nf6 3. e5 Nd5 4. Nf3 Nc6 5. Bb2 d6 6. exd6 exd6 7. Bb5 Qe7+ 8. Be2 Nf4 9. Kf1 Be6 10. Nc3 Qd7 11. d3 Bh3 12. Rg1 Bxg2+ 13. Rxg2 Qh3 14. Ne1 Nxg2 15. Nxg2 Qxh2 16. Bf3 Qh1+ 17. Ke2 Nd4+ 18. Kd2 Qh3 19. Bxb7 Rb8 20. Bd5 Be7 21. Qh1 Qf5 22. Qe1 O-O 23. Be4 Bg5+ 24. Ne3 Qf6 25. Nd5 Nf3+ 26. Bxf3 Qxf3 27. c4 Rfe8 28. Qg1 h6 29. Re1 Re6 30. Qh1 Qxf2+ 31. Re2 Qh4 32. Qxh4 Bxh4 33. Nf5 Bg5+ 34. Kd1 Rbe8 35. Nc3 Rxe2 36. Nxe2 Re6 37. d4 Rf6 38. Nfg3 Rf3 39. d5 Rd3+ 40. Ke1 Rd2 41. Bc3 Rxa2 42. Ne4 Rc2 43. Nxd6 Ra2 44. Ne4 Be3 45. d6 Ra3 46. d7 1-0


[Site "https://www.chess.com"]